 Dungeon Crawl Stone Soup version 0.29.1-12-g30fa7ad0bf (webtiles) character file.

Game seed: 13318518015117271907

5975 croobank the Destroyer (level 10, -3/100 HPs)
             Began as a Demonspawn Conjurer on Jan 13, 2023.
             Slain by a vampire (5 damage)
             ... on level 9 of the Dungeon.
             The game lasted 00:34:27 (13075 turns).

croobank the Destroyer (Demonspawn Conjurer)       Turns: 13075, Time: 00:34:28

Health: -3/100     AC: 25    Str: 13    XL:     10   Next: 55%
Magic:  21/21      EV:  2    Int: 25    God:
Gold:   438        SH:  0    Dex: 11    Spells: 13/24 levels left

rFire   + . .      SeeInvis .   B - +2 hand axe (flame)
rCold   . . .      Faith    .   (no shield)
rNeg    . . .      Spirit   .   (body armour currently unavailable)
rPois   +          Reflect  .   (helmet currently unavailable)
rElec   .          Harm     .   (cloak currently unavailable)
rCorr   .          Rampage  .   (gloves currently unavailable)
Will    .....      NoTele   +   (boots currently unavailable)
Stlth   ++++......              d - amulet of the acrobat
HPRegen 0.26/turn               q - +6 ring of strength
MPRegen 0.17/turn               e - ring of protection from fire

@: tree-form
A: stationary, stasis, torment immunity, boosted hp, (thin metallic scales 1),
demonic guardian 2, (spiny 1), (demonic touch 1)
a: no special abilities


You were on level 9 of the Dungeon.
You were a tree.
You visited 1 branch of the dungeon, and saw 9 of its levels.

You collected 438 gold pieces.

Inventory:

Hand Weapons
 b - a +0 halberd of distortion
 c - a +0 morningstar
 i - a +0 sling
 j - a +2 dagger of venom
 p - a +1 short sword
 x - a +1 vorpal quarterstaff
 B - a +2 hand axe of flaming (weapon)
 K - a +4 war axe of venom
 P - the +6 halberd "Veseot" {flame, rElec Int+4 Dex+6 Stlth-}
   (You found it on level 8 of the Dungeon)

   It burns those it strikes, dealing additional fire damage.
   Big, fiery blades are also staple armaments of hydra-hunters.
   Int:       It affects your intelligence (+4).
   Dex:       It affects your dexterity (+6).
   rElec:     It insulates you from electricity.
   Stlth:     It makes you less stealthy.
 R - a +2 vampiric dagger
Missiles
 h - 17 poisoned darts
 m - 5 curare-tipped darts (quivered)
 o - 5 datura-tipped darts
 v - 8 atropa-tipped darts
 C - 4 silver boomerangs
Armour
 g - a +0 ring mail
 D - a +0 pair of gloves (melded)
 E - +5 steam dragon scales (melded)
 G - a +0 kite shield
 L - a +0 robe of willpower
Jewellery
 d - an amulet of the acrobat (around neck)
 e - a ring of protection from fire (right branch)
 k - a +4 ring of evasion
 q - a +6 ring of strength (left branch)
 y - a ring of protection from cold
 z - an amulet of faith
 N - a ring of resist corrosion
Wands
 a - a wand of roots (4)
 w - a wand of flame (29)
 J - a wand of digging (3)
 Q - a wand of polymorph (4)
Scrolls
 n - 3 scrolls of teleportation
 s - 3 scrolls of enchant armour
 F - a scroll of immolation {unknown}
 H - 2 scrolls of identify
 I - a scroll of vulnerability {unknown}
 M - a scroll of blinking
 S - a scroll of magic mapping
Potions
 f - 3 potions of attraction
 l - 7 potions of mutation
 r - 2 potions of haste
 t - 2 potions of degeneration
 u - 4 potions of flight


   Skills:
 * Level 2.1 Fighting
 + Level 1.1 Polearms
 + Level 7.4 Dodging
 + Level 8.0 Stealth
 + Level 7.5 Spellcasting
 + Level 8.9 Conjurations
 + Level 0.0 Hexes
 + Level 0.1 Translocations


You had 13 spell levels left.
You knew the following spells:

 Your Spells              Type           Power      Damage    Failure   Level
a - Magic Dart            Conj           100%       1d8       1%          1
b - Searing Ray           Conj           100%       2d8       1%          2
c - Dazzling Flash        Conj/Hex       62%        N/A       3%          3
d - Apportation           Tloc           18%        N/A       6%          1
e - Iskenderun's Mystic   Conj/Tloc      32%        2d8       10%         4

Your spell library contained the following spells:

 Spells                   Type           Power      Damage    Failure   Level
 Fulminant Prism          Conj/Hex       15%        3d11      10%         4
 Agony                    Necr           9%         N/A       87%         5
 Silence                  Hex/Air        4%         N/A       87%         5


Dungeon Overview and Level Annotations

Branches:
Dungeon (9/15)               Lair (0/5) D:9
 Temple: D:4-7          Orc: D:9-12

Altars:
Okawaru
Qazlal
Ru
Uskayaw
Vehumet

Shops:
D:4 ?

Annotations:
D:7 1 transporter


Innate Abilities, Weirdness & Mutations

You are a tree.
Your roots penetrate the ground, keeping you stationary.
You cannot be teleported.
You are immune to unholy pain and torment.
Your maximum health is greatly increased.
Your equipment is partially melded.
((You are partially covered in thin metallic scales. (AC +2)))
A demonic guardian rushes to your aid.
((You are partially covered in sharp spines.))
((Your touch may inflict minor irresistible damage on your foes.))


Message History

Your rust devil hits something!
Something seems to be corroded for longer.
Something hits you but does no damage. Something bites you but does no damage.
Throw: 5 darts (curare)
Press: ? - help, Q - select action, (/) - cycle Shift-Dir - straight line, f/p - orc wizard
Aim: an orc wizard, wielding a +0 dagger and wearing a +0 robe (heavily wounded, very poisoned, slow, ally target, 47% to hit)
Okay, then.
Okay, then.
Okay, then.
Casting: Dazzling Flash (mildly dangerous; 3% risk of failure)
Confirm with . or Enter, or press ? or * to list all spells.
Okay, then.
Aiming: Fastroot
Press: ? - help, Shift-Dir - straight line, f/p - orc wizard
Aim: an orc wizard, wielding a +0 dagger and wearing a +0 robe (heavily wounded, very poisoned, slow, ally target)
The roots erupt in riotous growth!
Roots grab the orc wizard.
Your demonic guardian avoids your attack.
The grasping roots constrict the orc wizard.
You hear a shout!
The orc wizard struggles to escape constriction.
Your rust devil hits something!
Something seems to be corroded for longer.
You hear some strange, mumbled words.
Something tries to affect you, but you resist.
An orc priest comes into view. It is wielding a +0 short sword.
You hit something. You burn something.
The grasping roots constrict the orc wizard!
You kill the orc wizard!
Something draws life force from you.
* * * LOW HITPOINT WARNING * * *
Okay, then.
Okay, then.
Search for what [Enter for "goz", or ? for help]?
Sinv Can't find anything matching that.
Unknown command.
Unknown command.
You hit something. You burn something. Something hits you but does no damage.
Something bites you.
You die...

#)....# . #.+ ......#
.###. ..# ..##### ..
..###.#
..######.##...(:.#
.....<#...... o..#
......#....####..#
..............#.)#
............#.#.{#######
#.........#...##♣4......
#)............#.........
#........##...........##
#........##....###....#
#...^.......#...≈...#.#
#.#...##...#..#...#..##
#.....#<...#.##P..##.#
###...#....#..


PPPP..# .....#....#≈..P>PP.≈# You could see an orc priest and a friendly rust
devil (summoned).

Vanquished Creatures
  A hydra (D:8)
  Sigmund (D:3)
  A shadow (D:8)
  A wyvern (D:9)
  4 yaks (D:8)
  2 steam dragons
  2 water moccasins
  A sky beast (D:6)
  2 orc warriors
  3 ice beasts
  3 centaurs
  2 ogres
  2 phantoms
  Blork the orc (D:6)
  5 kobold brigands
  2 necrophages
  2 gnoll sergeants (D:6)
  3 bullfrogs (D:7)
  A scorpion (D:5)
  10 killer bees (D:8)
  A crimson imp (D:4)
  3 jellies
  A gnoll bouda (D:6)
  3 hounds
  2 orc priests
  An iguana (D:5)
  Natasha (thrice) (D:3)
  3 orc wizards
  5 adders
  12 gnolls
  2 white imps
  An ufetubus (D:5)
  A worm (D:2)
  6 dart slugs
  9 orcs
  11 endoplasms
  3 giant cockroaches
  7 goblins
  7 hobgoblins
  7 jackals
  9 kobolds
  2 quokkas
  8 ball pythons
  6 bats
  3 frilled lizards
  5 rats (D:2)
170 creatures vanquished.

Vanquished Creatures (collateral kills)
  2 dream sheep (D:8)
  A yak (D:8)
  A centaur (D:7)
  An orc priest (D:4)
  An orc wizard (D:8)
  2 orcs
8 creatures vanquished.

Grand Total: 178 creatures vanquished

Notes
Turn   | Place    | Note
-------+----------+-------------------------------------------
     0 | D:1      | croobank the Demonspawn Conjurer began the quest for the
                  | Orb.
     0 | D:1      | Reached XP level 1. HP: 13/13 MP: 3/3
   360 | D:1      | Gained mutation: A weak demonic guardian rushes to your
                  | aid. [demonic ancestry]
   360 | D:1      | Reached XP level 2. HP: 19/19 MP: 3/5
   447 | D:1      | Learned a level 2 spell: Searing Ray
   754 | D:1      | Found a faded altar of an unknown god.
   774 | D:1      | Got Plato's Almanac of Peregrination
   951 | D:1      | Reached XP level 3. HP: 24/24 MP: 6/6
  1779 | D:2      | Reached XP level 4. HP: 24/30 MP: 2/8
  1954 | D:2      | Learned a level 3 spell: Dazzling Flash
  1956 | D:2      | Learned a level 1 spell: Apportation
  2371 | D:3      | Noticed Natasha
  2376 | D:3      | Killed Natasha
  2775 | D:3      | Noticed Natasha
  2781 | D:3      | Killed Natasha
  2782 | D:3      | Reached XP level 5. HP: 27/35 MP: 2/9
  3251 | D:3      | Noticed Natasha
  3257 | D:3      | Killed Natasha
  3461 | D:3      | Noticed Sigmund
  3474 | D:3      | Killed Sigmund
  3475 | D:3      | Reached skill level 5 in Conjurations
  3475 | D:3      | Reached XP level 6. HP: 27/41 MP: 0/11
  4243 | D:4      | Found Osozydoi's Magic Scroll Shop.
  5093 | D:4      | Gained mutation: You are partially covered in thin metallic
                  | scales. (AC +2) [demonic ancestry]
  5093 | D:4      | Reached XP level 7. HP: 21/46 MP: 9/12
  5537 | D:4      | Learned a level 4 spell: Iskenderun's Mystic Blast
  5584 | D:5      | Entered Level 5 of the Dungeon
  6218 | D:5      | Found a radiant altar of Vehumet.
  6588 | D:5      | Found a sacrificial altar of Ru.
  6589 | D:5      | Found a stormy altar of Qazlal.
  6601 | D:5      | Found an iron altar of Okawaru.
  6604 | D:5      | Found a hide-covered altar of Uskayaw.
  6643 | D:5      | Noticed a steam dragon
  6662 | D:5      | Killed a steam dragon
  6939 | D:5      | Gained mutation: A demonic guardian rushes to your aid.
                  | [demonic ancestry]
  6939 | D:5      | Reached XP level 8. HP: 48/52 MP: 13/15
  6960 | D:5      | Reached skill level 5 in Stealth
  7847 | D:6      | Reached skill level 5 in Spellcasting
  7925 | D:6      | Reached skill level 5 in Dodging
  8951 | D:6      | Noticed Blork the orc
  8959 | D:6      | Killed Blork the orc
  9551 | D:7      | Gained mutation: Your touch may inflict minor irresistible
                  | damage on your foes. [demonic ancestry]
  9551 | D:7      | Reached XP level 9. HP: 54/57 MP: 4/17
 10855 | D:7      | Found a transporter.
 11115 | D:7      | Noticed a kobold demonologist
 11115 | D:7      | You fall into a shaft and drop 1 floor!
 11634 | D:8      | Noticed a three-headed hydra
 11640 | D:8      | Killed a one-headed hydra
 11641 | D:8      | Gained mutation: You are partially covered in sharp spines.
                  | [demonic ancestry]
 11641 | D:8      | Reached XP level 10. HP: 51/63 MP: 20/20
 11644 | D:8      | Identified the +6 halberd "Veseot" {flame, rElec Int+4
                  | Dex+6 Stlth-}
 12426 | D:8      | Reached skill level 1 in Fighting
 12785 | D:8      | Reached skill level 1 in Polearms
 13039 | D:9      | Found a staircase to the Lair.
 13066 | D:9      | HP: 3/100 [something (6)]
 13074 | D:9      | HP: 2/100 [something (4)]
 13075 | D:9      | Slain by a vampire

Illustrated notes

Levels and vault maps discovered:
D:1:      dpeg_arrival_rooms_b, layout_loops_ring,
          shapermc_ecumenical_altar_rom_forum
D:2:      layout_rooms, serial_bayou_pond_b
D:3:      kennysheep_big_flooded_room, layout_loops_corners, uniq_natasha,
          uniq_sigmund
D:4:      layout_basic, serial_shops, nicolae_shop_behind_doors,
          minmay_fire_ice_demons
D:5:      layout_cave_pools, nicolae_overflow_hallway_of_the_gods,
          minmay_misc_feat_more_columns
D:6:      layout_loops_ring, lemuel_flame_loot_1, uniq_blork_the_orc
D:7:      layout_cave_pools, minmay_temple_entry_overgrown,
          gammafunk_ghost_stat_death, minmay_fractal_squares_diagonal_5
D:8:      layout_gridville, small_statue_intersection, hangedman_ranch
D:9:      layout_basic, dpeg_oklobed_lair, minivault_25_ag,
          nicolae_looking_at_the_future

Skill      XL: |  1  2  3  4  5  6  7  8  9 10 |
---------------+-------------------------------+-----
Dodging        | 2 3 4 5 6 7 |  7.4
Stealth        | 2 3 4 6 7 8 |  8.0
Spellcasting   | 3 4 5 7 |  7.5
Conjurations   | 5 6 7 8 |  8.9
Fighting       | 2 |  2.1
Polearms       | 1 |  1.1
Translocations | |  0.1

Action                   |  1- 3 |  4- 6 |  7- 9 | 10-12 || total
-------------------------+-------+-------+-------+-------++-------
Melee: Dagger            |    37 |    82 |    93 |       ||   212
       Punch             |       |     2 |     1 |       ||     3
       Touch             |       |       |    10 |     1 ||    11
       Hand axe          |       |       |     4 |     4 ||     8
       Halberd           |       |       |       |    78 ||    78
Throw: Dart              |       |       |       |     2 ||     2
       Boomerang         |       |       |       |     2 ||     2
 Cast: Magic Dart        |    24 |     3 |    14 |       ||    41
       Searing Ray       |    12 |    15 |    58 |       ||    85
       Dazzling Flash    |       |     4 |    15 |     1 ||    20
       Apportation       |       |       |     3 |       ||     3
       Iskenderun's Myst |       |       |     1 |       ||     1
Evoke: Wand              |       |       |       |     2 ||     2
  Use: Scroll            |       |    10 |    10 |     1 ||    21
       Potion            |       |     1 |     6 |     2 ||     9
 Stab: Sleeping          |     5 |     9 |     4 |     1 ||    19
       Invisible         |       |     1 |     3 |       ||     4
       Distracted        |       |       |     1 |     1 ||     2
Armor: Robe              |     2 |    10 |     5 |       ||    17
       Steam dragon scal |       |       |    70 |    22 ||    92
       Skin              |       |       |       |    16 ||    16
Dodge: Dodged            |    33 |    86 |   290 |    88 ||   497
